 Dungeon Crawl Stone Soup version 0.31.0-1-g2c135a008e (webtiles) character file.

Game seed: 13622135984852683495

566 EnegeticOcto the Ruffian (level 7, -4/66 HPs)
             Began as a Troll Delver on Jan 20, 2024.
             Slain by a human
             ... wielding a +0 club
              (9 damage)
             ... on level 7 of the Dungeon.
             The game lasted 00:02:00 (200 turns).

EnegeticOcto the Ruffian (Troll Delver)              Turns: 200, Time: 00:02:01

Health: -4/66      AC:  4    Str: 23    XL:     7   Next: 10%
Magic:  6/6        EV:  9    Int:  6    God:
Gold:   32         SH:  0    Dex: 11    Spells: 6/6 levels left

rFire   . .          .
                       - Unarmed
rCold   . . .        (no shield)
rNeg    . . .        a - +0 robe
rPois   .            (helmet restricted)
rElec   .            (no cloak)
rCorr   .            (gloves unavailable)
SInv    .            (boots unavailable)
Will    .....        (no amulet)
Stlth   ++           (no ring)
HPRegen 1.11/turn    (no ring)
MPRegen 0.10/turn

%: no passive effects
@: no status effects
A: large, unfitting armour, claws 3, regeneration 1, shaggy fur 1, tough skin 1
a: no special abilities


You were on level 7 of the Dungeon.
You visited 1 branch of the dungeon, and saw 3 of its levels.

You collected 32 gold pieces.

Inventory:

Armour
 a - a +0 robe (worn)
Wands
 f - a wand of digging (3) {@v3}
Scrolls
 b - a scroll of fog {!r}
 c - a scroll of revelation {@r5 !r}
 d - a scroll of fear {!r}
 h - a scroll of butterflies {!r}
Potions
 e - a potion of haste {@q4 !q}


   Skills:
 - Level 2.4 Fighting
 - Level 1.5 Dodging
 - Level 2.7 Stealth
 + Level 7.9 Unarmed Combat


You had 6 spell levels left.
You didn't know any spells.
Your spell library was empty.

Dungeon Overview and Level Annotations

Branches:
Dungeon (7/15) Zot: 17804
 Temple: D:4-7

Altars:


Innate Abilities, Weirdness & Mutations

You are too large for most types of armour.
You have claws for hands.
Your natural rate of healing is unusually fast.
You are covered in fur. (AC +1)
You have tough skin. (AC +1)


Message History

You claw the wight!
The wight is heavily damaged.
The wight hits you with a +2 hand axe!
You feel drained.
You claw the wight!
You destroy the wight!
Your life force feels restored.
Your Unarmed Combat skill increases to level 7!
No target in view!
Things that are here:
a +2 hand axe; a +0 robe 2 humans come into view.
Found a quarterstaff.
A human comes into view. It is wielding a +0 sling.
The human shoots a sling bullet.
The sling bullet barely misses you.
You see here a book of Fire.
Unknown command.
The human shoots a sling bullet.
The sling bullet hits you.
The wight hits you with a +2 long sword of freezing!
You feel drained. The wight freezes you.
You are too injured to fight recklessly!
You are too injured to fight recklessly!
You are too injured to fight recklessly!
You claw the wight!
You destroy the wight!
Your life force feels restored.
Things that are here:
a +2 long sword of freezing; a +0 robe
Things that are here:
a +2 long sword of freezing; a +0 robe The human shoots a sling bullet.
The sling bullet hits you.
The human shoots a sling bullet.
The sling bullet barely misses you.
The human shouts!
You hear a shout! x2
The human shoots a sling bullet.
The sling bullet hits you.
The human unwields a +0 sling.
The human hits you. The human hits you but does no damage.
You scratch the human.
The human is lightly wounded.
The human hits you.
You claw the human!
The human is severely wounded.
The human shoots a sling bullet.
The sling bullet hits you but does no damage.
The human barely misses you.
You closely miss the human.
The human is severely wounded.
The human shoots a sling bullet.
The sling bullet hits you!
You claw the human!
The human is almost dead.
The human hits you!
* * * LOW HITPOINT WARNING * * *
A human comes into view. It is wielding a +0 club.
You closely miss the human.
The human is almost dead.
The human shoots a sling bullet.
The sling bullet closely misses you. The human hits you.
* * * LOW HITPOINT WARNING * * *
You barely miss the human.
The human is almost dead.
The human shoots a sling bullet.
The sling bullet hits you.
* * * LOW HITPOINT WARNING * * *
The human hits you.
* * * LOW HITPOINT WARNING * * *
The human shouts!
You scratch the human.
You kill the human!
You hear a shout!
The human shoots a sling bullet.
The sling bullet hits you.
* * * LOW HITPOINT WARNING * * *
You have reached level 7!
The human shoots a sling bullet.
The sling bullet barely misses you.
A wight comes into view. It is wielding a +0 great sword.
Okay, then.
As you read the scroll labelled OTAIKH EMULU, it crumbles to dust.
It is a scroll of identify.
h - a scroll of butterflies You mangle the human!!
The human is severely wounded.
The human hits you with a +0 club.
* * * LOW HITPOINT WARNING * * *
You scratch the human.
The human is severely wounded.
The human hits you with a +0 club.
* * * LOW HITPOINT WARNING * * *
You miss the human.
The human is severely wounded.
The human barely misses you.
You closely miss the human.
The human is severely wounded.
You claw the wight!
The wight is heavily damaged.
The wight closely misses you.
You barely miss the wight.
The wight is heavily damaged.
The human closely misses you.
The human unwields a +0 sling.
The human hits you.
* * * LOW HITPOINT WARNING * * *
You mangle the wight!!
You destroy the wight!
The human hits you with a +0 club!
You die...

#.....# #.. .......
...##########.# .......#
..........##..# #......#
..........#...####....# ##
..........##..#.##....#...
.....##....#............#
....###........)..).....#.
........#.))###.pp...#....
...##..##...###.@#:.......
#...##.#........)#........
... #.....##.....)#......
#.. #.....####...###.....
#.. #.............# .....
........#.......... ....
.....##.###....... .p.
........... #....... ...
D.....## ...#.$......


You could see 2 humans.

Vanquished Creatures
  A human (D:7)
  An ogre (D:7)
  A phantom (D:5)
  4 wights (D:7)
  A jelly (D:6)
  A bombardier beetle (D:7)
  An iguana (D:5)
  2 gnolls (D:6)
  4 orcs (D:7)
16 creatures vanquished.

Notes
Turn   | Place    | Note
-------+----------+-------------------------------------------
     0 | D:5      | EnegeticOcto the Troll Delver began the quest for the Orb.
     0 | D:5      | Reached XP level 1. HP: 22/22 MP: 0/0
     5 | D:5      | Noticed a phantom
     5 | D:5      | Noticed an iguana
    21 | D:5      | Killed an iguana
    22 | D:5      | Reached skill level 3 in Unarmed Combat
    22 | D:5      | Reached XP level 2. HP: 12/29 MP: 1/1
    28 | D:5      | Killed a phantom
    29 | D:5      | Reached skill level 4 in Unarmed Combat
    29 | D:5      | Reached XP level 3. HP: 16/36 MP: 2/2
    29 | D:5      | Reached XP level 4. HP: 19/44 MP: 3/3
    58 | D:6      | Reached skill level 5 in Unarmed Combat
    75 | D:6      | Reached XP level 5. HP: 42/50 MP: 4/4
   104 | D:7      | Noticed an ogre
   110 | D:7      | Killed an ogre
   111 | D:7      | Reached skill level 6 in Unarmed Combat
   124 | D:7      | Reached XP level 6. HP: 55/59 MP: 5/5
   147 | D:7      | Noticed an acid dragon
   164 | D:7      | Reached skill level 7 in Unarmed Combat
   170 | D:7      | Noticed a human
   170 | D:7      | Noticed a human
   171 | D:7      | Noticed a human
   186 | D:7      | Noticed a human
   188 | D:7      | HP: 2/59 [human (6)]
   189 | D:7      | Killed a human
   190 | D:7      | Reached XP level 7. HP: 2/66 MP: 6/6
   195 | D:7      | HP: 3/66 [human/+0 club (2)]
   200 | D:7      | Slain by a human

Illustrated notes

Levels and vault maps discovered:
D:5:      layout_rooms, kennysheep_little_box, gammafunk_ghost_necromancy,
          nicolae_titane, uniq_prince_ribbit1
D:6:      layout_basic, minmay_temple_entry_arrows, minmay_misc_feat_tiny,
          minmay_fire_ice_demons
D:7:      minmay_angry_zag, layout_cave_pools, nicolae_qazlal_style_of_elements,
          mainiacjoe_overflow_catwalk_spiral, minmay_ruffians

Skill      XL: |  1  2  3  4  5  6 |
---------------+-------------------+-----
Unarmed Combat | 3 4 5 6 7 |  7.9
Fighting       | |  2.4
Dodging        | |  1.5
Stealth        | |  2.7

Action                     |  1- 3 |  4- 6 |  7- 9 || total
---------------------------+-------+-------+-------++-------
  Melee: Unarmed           |    19 |    31 |     7 ||    57
    Use: Scroll            |       |       |     1 ||     1
   Stab: Sleeping          |       |     1 |       ||     1
 Armour: Robe              |     9 |    25 |     4 ||    38
  Dodge: Dodged            |    11 |     8 |     4 ||    23

Table legend:
 A = Kills in this place as a percentage of kills in the entire game.
 B = Kills by you in this place as a percentage of kills by you in the entire game.
 C = Kills by friends in this place as a percentage of kills by friends in the entire game.
 D = Other kills in this place as a percentage of other kills in the entire game.
 E = Experience gained in this place as a percentage of experience gained in the entire game.
 F = Experience gained in this place divided by the number of levels of this place that you have seen.
                   A       B       C       D       E      F
               +-------+-------+-------+-------+-------+----------------------
         Total | 100.0 | 100.0 |   N/A |   N/A | 100.0 | 294.3
       Dungeon | 100.0 | 100.0 |   N/A |   N/A | 100.0 | 294.3
               +-------+-------+-------+-------+-------+----------------------
